Selects Indian Artillery Battlegroup
Construct Section Command Post
Selects Towed ML 4.2-inch Heavy Mortar
Selects Towed ML 4.2-inch Heavy Mortar
Towed ML 4.2-inch Heavy Mortar
Construct Platoon Command Post
Unlock Bishop Self-propelled Artillery
Selects Off-map Airburst Barrage
Bishop Self-propelled Artillery
6-pounder Anti-tank Gun Team
Selects Off-map Airburst Barrage
Selects Gurkha Rifles Section
Construct Company Command Post
Unlock M3 Grant Medium Tanks
Bishop Self-propelled Artillery
Selects BL5.5 Artillery Emplacement